 Dungeon Crawl Stone Soup version 0.30-a0-715-gdb4ae3ece1 (webtiles) character file.

Game seed: 8095815835957190462

84 Absynth the Shooter (level 4, 0/27 HPs)
             Began as a Tengu Hunter on Jan 24, 2023.
             Killed from afar by Natasha (6 damage)
             ... with a puff of flame
             ... on level 2 of the Dungeon.
             The game lasted 00:02:48 (1912 turns).

Absynth the Shooter (Tengu Hunter)                  Turns: 1912, Time: 00:02:49

Health: 0/27       AC:  3    Str: 12    XL:     4   Next: 46%
Magic:  5/5        EV: 12    Int: 11    God:
Gold:   94         SH:  0    Dex: 17    Spells: 3/3 levels left

rFire   . . .      SeeInvis .    a - +0 shortbow
rCold   . . .      Faith    .    (shield currently unavailable)
rNeg    . . .      Spirit   .    c - +0 leather armour
rPois   .          Reflect  .    (helmet restricted)
rElec   .          Harm     .    (no cloak)
rCorr   .          Rampage  .    (no gloves)
Will    .....                    (boots unavailable)
Stlth   ++                       (no amulet)
HPRegen 0.24/turn                (no ring)
MPRegen 0.09/turn                (no ring)

@: no status effects
A: beak, talons 3
a: no special abilities


You were on level 2 of the Dungeon.
You visited 1 branch of the dungeon, and saw 2 of its levels.

You collected 94 gold pieces.

Inventory:

Hand Weapons
 a - a +0 shortbow (weapon)
Armour
 c - a +0 leather armour (worn)
Scrolls
 b - 2 scrolls of immolation
 d - a scroll of blinking {unknown}
 e - 3 scrolls of identify {unknown}
 f - 3 scrolls of teleportation {unknown}
 g - a scroll of poison {unknown}
 j - a scroll of fear {unknown}
Potions
 h - a potion of mutation {unknown}
 i - a potion of curing {unknown}


   Skills:
 + Level 2.6 Fighting
 * Level 5.2 Ranged Weapons
 + Level 3.0 Dodging
 + Level 2.1 Stealth


You had 3 spell levels left.
You didn't know any spells.
Your spell library contained the following spells:

 Spells                   Type           Power      Damage    Failure   Level
 Freeze                   Ice            0%         1d3       41%         1
 Magic Dart               Conj           0%         1d3       41%         1
 Shock                    Conj/Air       0%         1d3       41%         1
 Call Imp                 Summ           0%         N/A       56%         2
 Sublimation of Blood     Necr           0%         N/A       56%         2
 Frozen Ramparts          Ice            0%         1d1       80%         3
 Hailstorm                Conj/Ice       0%         3d3       80%         3
 Mephitic Cloud           Conj/Pois/Air  0%         N/A       80%         3
 Swiftness                Air            0%         N/A       80%         3
 Airstrike                Air            0%         2d(0-16)  99%         4
 Petrify                  Tmut/Erth      0%         N/A       99%         4
 Summon Lightning Spire   Summ/Air       0%         N/A       99%         4
 Irradiate                Conj/Tmut      0%         3d11      100%        5
 Storm Form               Tmut/Air       0%         N/A       100%        7
 Maxwell's Capacitive Co  Air            0%         ∞         100%        8


Dungeon Overview and Level Annotations

Branches:
Dungeon (2/15)

Altars:

Annotations:
D:2 Natasha


Innate Abilities, Weirdness & Mutations

You have a beak for a mouth.
You have claws for feet.


Message History

You shoot an arrow. The arrow hits Natasha!
You kill Natasha!
Natasha screams in pain as she dies!
Your Dodging skill increases to level 3!
No target in view!
No target in view!
You see here the felid corpse of Natasha.
Done exploring.
You see here a +0 whip.
There is a stone staircase leading up here.
There is a stone staircase leading down here.
You see here a +0 dagger.
There is a stone staircase leading down here.
You see here a +0 whip.
There is a stone staircase leading up here.
Natasha, Servant of Life and Death comes into view.
She is carrying a wand of flame (20).
Natasha hisses angrily.
Natasha casts a spell at you. You resist with some effort.
You shoot an arrow. The arrow closely misses Natasha.
Natasha zaps a wand.
The puff of flame misses you.
You shoot an arrow. The arrow barely misses Natasha.
Natasha zaps a wand.
The puff of flame misses you.
Natasha wildly gestures.
Natasha glows brightly for a moment.
You shoot an arrow. The arrow closely misses Natasha.
Natasha zaps a wand.
The puff of flame hits you.
You shoot an arrow. The arrow misses Natasha.
Natasha zaps a wand.
The puff of flame hits you!
Ouch! That really hurt!
* * * LOW HITPOINT WARNING * * *
You are too injured to fight recklessly!
You are too injured to fight recklessly!
You are too injured to fight recklessly!
Fire: a) +0 shortbow
Press: ? - help, Q - select action Shift-Dir - straight line, f/p - Natasha
Aim: Natasha, carrying a wand of flame (16) (56% to hit)
You shoot an arrow. The arrow completely misses Natasha.
Natasha zaps a wand.
The puff of flame hits you.
You die...

.##.# #######.......###.##.# #
.##)# #..>..........##..##.# #
.##.# #.#####.....h.##.###.# #
.##.# #.# ###...####.# #.# #
.##.# #.# #...# #.###.# # .##.#
####.#######..#####..##.# #
.##.###...............†.....#.#
#
.##.<......######.#.######..#.#
#
.######.###.....@...######..#.#
# #######.#
#.#####.............### #[....#
#.# #..#######....... #.#####
#.# #..# #.##.### #.# #.# #..#
#.##.# #.#
#.#####..#######.##.# #.#
#.#.................# #.#
#.#.####.############ ###.#
#......<.#


You could see Natasha.

Vanquished Creatures
  Natasha (twice) (D:2)
  A gnoll (D:1)
  A dart slug (D:2)
  A ball python (D:1)
  4 bats
  An endoplasm (D:1)
  4 goblins
  4 hobgoblins (D:1)
  A quokka (D:1)
  2 frilled lizards (D:1)
  3 kobolds
  3 rats
27 creatures vanquished.

Notes
Turn   | Place    | Note
-------+----------+-------------------------------------------
     0 | D:1      | Absynth the Tengu Hunter began the quest for the Orb.
     0 | D:1      | Reached XP level 1. HP: 12/12 MP: 2/2
   244 | D:1      | Reached XP level 2. HP: 15/17 MP: 3/3
   537 | D:1      | Reached XP level 3. HP: 22/22 MP: 4/4
   697 | D:1      | You fall into a shaft and drop 1 floor!
  1472 | D:2      | Noticed Natasha
  1476 | D:2      | Killed Natasha
  1477 | D:2      | Reached skill level 5 in Ranged Weapons
  1477 | D:2      | Reached XP level 4. HP: 23/27 MP: 5/5
  1573 | D:2      | Noticed Natasha
  1576 | D:2      | Killed Natasha
  1907 | D:2      | Noticed Natasha
  1912 | D:2      | Killed from afar by Natasha

Illustrated notes

Levels and vault maps discovered:
D:1:      dpeg_arrival_radiant, layout_loops_corners, skrybe_limestone_x,
          feat_on_display
D:2:      layout_loops_ring, kennysheep_doodads, uniq_natasha

Skill      XL: |  1  2  3  4 |
---------------+-------------+-----
Ranged Weapons | 5 |  5.2
Stealth        | 2 |  2.1
Dodging        | 3 |  3.0
Fighting       | |  2.6

Action                     |  1- 3 |  4- 6 || total
---------------------------+-------+-------++-------
   Fire: Shortbow          |    72 |     8 ||    80
 Armour: Leather armour    |     5 |       ||     5
  Dodge: Dodged            |    15 |     2 ||    17

Table legend: (Time is in decaauts)
 A = Elapsed time spent in this place.
 B = Non-inter-level travel time spent in this place.
 C = Inter-level travel time spent in this place.
 D = Time resting spent in this place.
 E = Time spent auto-exploring this place.
 F = Levels seen in this place.
 G = Mean time per level.
                   A        B        C        D        E       F      G
               +--------+--------+--------+--------+--------+-----+--------+
         Total |   1936 |   1652 |    284 |      0 |   1478 |   2 |  968.0 |
       Dungeon |   1936 |   1652 |    284 |      0 |   1478 |   2 |  968.0 |
               +--------+--------+--------+--------+--------+-----+--------+

Top non-repeatable levels by time:
     D:1: 984 daAuts
     D:2: 951 daAuts
